 Dungeon Crawl Stone Soup version 0.17.1-2-g5865329 (webtiles) character file.

58 namelastname112 the Magician (level 3, 0/29 HPs)
             Began as a Draconian Wizard on Jan 12, 2016.
             Slain by a goblin (3 damage)
             ... led by Robin
             ... on level 2 of the Dungeon.
             The game lasted 00:02:09 (1407 turns).

namelastname112 the Magician (Draconian Wizard)     Turns: 1407, Time: 00:02:09

Health: 0/29       AC:  5    Str:  9    XL:     3   Next: 76%
Magic:  1/7        EV: 12    Int: 18    God:
Gold:   64         SH:  0    Dex: 10    Spells: 1 memorised, 7 levels left

rFire  . . .     SeeInvis .     d - +0 mace
rCold  . . .     Clarity  .     (armour unavailable)
rNeg   . . .     SustAt   .     (no shield)
rPois  .         Gourm    .     a - +0 hat
rElec  .         Spirit   .     (no cloak)
rCorr  .         Warding  .     (no gloves)
rMut   .         Stasis   .     (no boots)
MR     .....                    (no amulet)
Stlth  ++........               (no ring)
                                (no ring)

@: very slightly contaminated, not resistant to hostile enchantments, unstealthy
A: unfitting armour, cold-blooded, AC +5
a: no special abilities


You were on level 2 of the Dungeon.
You were hungry.

You visited 1 branch of the dungeon, and saw 2 of its levels.

You collected 64 gold pieces.

Inventory:

Hand Weapons
 d - a +0 mace (weapon)
 h - a +0 dagger
Armour
 a - a +0 hat (worn)
Scrolls
 e - a scroll of immolation {unknown}
 g - 4 scrolls of identify {unknown}
 i - a scroll of teleportation {unknown}
 j - a scroll of amnesia {unknown}
 k - a scroll of remove curse {unknown}
 m - a scroll of fear {unknown}
 o - a scroll of recharging {unknown}
Potions
 f - a potion of cure mutation {unknown}
 l - 3 potions of haste {unknown}
 n - a potion of magic {unknown}
Books
 b - a book of Minor Magic

   Spells                             Type                      Level
   a - Magic Dart                     Conjuration                  1
   b - Blink                          Translocation                2
   c - Call Imp                       Summoning                    2
   d - Repel Missiles                 Charms/Air                   2
   e - Slow                           Hexes                        2
   f - Conjure Flame                  Conjuration/Fire             3
   g - Mephitic Cloud                 Conjuration/Poison/Air       3
Comestibles
 c - a bread ration


   Skills:
 + Level 1.8 Fighting
 + Level 1.1 Short Blades
 + Level 2.4 Dodging
 + Level 2.5 Stealth
 - Level 3.0 Spellcasting
 - Level 1.0 Conjurations
   Level 1.0 Summonings
   Level 1.0 Translocations


You had 7 spell levels left.
You knew the following spells:

 Your Spells              Type           Power        Failure   Level  Hunger
z - Magic Dart            Conj           #...         12%         1    None


Dungeon Overview and Level Annotations

Branches:
Dungeon (2/15)

Altars:


Innate Abilities, Weirdness & Mutations

Your plain brown scales are hard (AC +5).
Your body does not fit into most forms of armour.
You are cold-blooded and may be slowed by cold attacks.


Message History

The hobgoblin is heavily wounded.
The hobgoblin barely misses you.
You hit the hobgoblin.
You kill the hobgoblin!
You closely miss the goblin.
Your tail-slap misses the goblin.
The goblin hits you.
* * * LOW HITPOINT WARNING * * *
You hit the goblin but do no damage. The goblin closely misses you.
The goblin hits you but does no damage.
You completely miss the goblin.
Your tail-slap misses the goblin.
The goblin hits you.
* * * LOW HITPOINT WARNING * * *
You barely miss the goblin. The goblin closely misses you.
You hit the goblin.
The goblin is severely wounded.
The goblin hits you but does no damage. The goblin misses you.
You barely miss the goblin.
The goblin is severely wounded.
The goblin hits you.
You die...

.g gg ### #g ... l #+#
#.#.# ### #.# #.#.# ..# #@#
#.l.# ## #.# #g# #g###....
#.# #.# #.g......
#.##########.###.#
#.##...##
.................###.######
........####.###........##
................รท........#
...####.####.###.###.###.#
....).....# #.# ### #.#


You could see a goblin.

Vanquished Creatures
  Robin (D:2)
  An ooze (D:2)
  A giant gecko (D:1)
  4 bats
  2 giant cockroaches (D:1)
  7 hobgoblins
  2 jackals (D:1)
  2 kobolds
  6 giant newts
  9 goblins
  5 rats (D:1)
40 creatures vanquished.

Notes
Turn   | Place    | Note
--------------------------------------------------------------
     0 | D:1      | namelastname112 the Draconian Wizard began the quest for the Orb.
     0 | D:1      | Reached XP level 1. HP: 14/14 MP: 4/4
   171 | D:1      | Reached XP level 2. HP: 17/22 MP: 3/6
   263 | D:1      | Reached skill level 1 in Fighting
  1092 | D:2      | Reached XP level 3. HP: 17/28 MP: 7/7
  1102 | D:2      | Reached skill level 1 in Short Blades
  1349 | D:2      | Noticed Robin
  1397 | D:2      | Killed Robin
  1407 | D:2      | Slain by a goblin

Action                   || total
-------------------------++-------
Melee: Mace              ||   115
       Unarmed           ||     2
 Cast: Magic Dart        ||    16
 Stab: Sleeping          ||     2
  Eat: Chunk             ||     1
